 Dungeon Crawl Stone Soup version 0.32-a0-768-g0f6f1dd4b9 (webtiles) character file.

Game seed: 8001884266918041209

9933 kaesh the Cleaver (level 11, -6/157 HPs)
             Began as a Minotaur Berserker on Mar 18, 2024.
             Was a High Priest of Trog.
             Mangled by a troll (7 damage)
             ... led by an orc knight
             ... on level 1 of the Orcish Mines.
             The game lasted 00:15:56 (7546 turns).

kaesh the Cleaver (Minotaur Berserker)              Turns: 7546, Time: 00:15:57

Health: -6/157     AC: 20    Str: 27    XL:     11   Next: 29%
Magic:  10/10      EV:  8    Int:  4    God:    Trog [*****.]
Gold:   564        SH:  0    Dex:  9    Spells: 10/10 levels left

rFire   . . .        m - +0 war axe (heavy)
rCold   . . .        (no shield)
rNeg    . . .        e - +1 plate armour
rPois   .            (helmet restricted)
rElec   .            t - +0 cloak
rCorr   .            n - +0 pair of gloves
SInv    .            (no boots)
Will    +....        b - amulet of faith Stlth
                     s - ring of willpower
HPRegen 0.46/turn    (no ring)
MPRegen 0.12/turn

%: faith
@: berserking (expiring), very quick
A: horns 2, retaliatory headbutt
a: Renounce Religion, Berserk, Trog's Hand, Brothers in Arms


You were on level 1 of the Orcish Mines.
You worshipped Trog.
Trog was extremely pleased with you.
You visited 2 branches of the dungeon, and saw 10 of its levels.
You also visited: Sewer.

You collected 564 gold pieces.

Inventory:

Hand Weapons
 a - a +1 hand axe
 g - a +1 halberd of flaming
 m - a +0 heavy war axe (weapon)
Armour
 e - a +1 plate armour (worn)
 n - a +0 pair of gloves (worn)
 t - a +0 cloak (worn)
Jewellery
 b - an amulet of faith (around neck)
 s - a ring of willpower (left hand)
Wands
 o - a wand of roots (12)
Scrolls
 c - 4 scrolls of enchant weapon
 h - 2 scrolls of fear
 k - 2 scrolls of identify
 p - 2 scrolls of enchant armour
 q - a scroll of revelation
 r - 3 scrolls of teleportation
Potions
 d - 2 potions of heal wounds
 f - 5 potions of curing
 i - a potion of magic {unknown}
 j - a potion of might
 l - a potion of enlightenment
 u - a potion of attraction
 v - a potion of berserk rage


   Skills:
 + Level 12.6 Fighting
 + Level 14.6 Axes
 + Level 13.0 Armour
 + Level 5.7 Dodging


You had 10 spell levels left.
You didn't know any spells.
Your spell library was empty.

Dungeon Overview and Level Annotations

Branches:
Dungeon (9/15)             Temple (0/1) D:7             Orc (1/2) D:9
  Sewer (visited)
   Lair: D:8-11

Altars:
Cheibriados
Lugonu

Shops:
D:3 *

Annotations:
D:9 2 transporters


Innate Abilities, Weirdness & Mutations

You have a pair of horns on your head.
You reflexively headbutt those who attack you in melee.


Message History

The orc knight is severely wounded.
You slice the orc warrior!!
You kill the orc warrior!
Trog accepts your kill.
The orc knight hits you with a +0 long sword!!
* * * LOW HITPOINT WARNING * * *
Your Armour skill increases to level 13!
You hit the orc knight.
The orc knight is severely wounded.
You barely miss the orc warrior.
The kobold blastminer blasts its cannon at you.
The iron shot hits you!
* * * LOW HITPOINT WARNING * * *
The orc warrior barely misses you.
The orc knight hits you with a +0 long sword!
* * * LOW HITPOINT WARNING * * *
You slice the orc knight!!
You kill the orc knight!
Trog accepts your kill.
You closely miss the orc warrior. The orc warrior closely misses you.
You barely miss the orc warrior. You headbutt the orc warrior!
The orc warrior is moderately wounded.
The kobold blastminer shoots a bolt.
The bolt barely misses you.
You hit the orc warrior but do no damage.
You headbutt the orc warrior!
The orc warrior is almost dead.
The orc warrior closely misses you.
The kobold blastminer shoots a bolt.
The bolt hits you but does no damage.
You barely miss the orc warrior. Your headbutt misses the orc warrior.
The orc warrior is almost dead.
You closely miss the troll. The troll bites you but does no damage.
The troll claws you but does no damage. The troll claws you!
* * * LOW HITPOINT WARNING * * *
The orc warrior hits you but does no damage.
The kobold blastminer shoots a bolt.
The bolt hits you but does no damage.
You slice the troll!!
The troll is heavily wounded.
You barely miss the orc warrior. You closely miss the orc warrior.
The troll bites you!
You die...

#.....##.....#.#..#
#......##...####...#
#...#..#....#.#...#
# #.......).......#
#.#...>..........##
.................#
#....)...##...##
###..)........#
#..@)$..#.....
#.KoTo....##....
.......O....#.....#
##.#...o........###
....#..........##
.........##....#
......>..$ .....
.......... ...


You could see a kobold blastminer, a troll, 2 orc warriors, an ogre and an orc
(strong).

Vanquished Creatures
  A two-headed ogre (D:9)
  The ghost of t4s4d4r the Basher, a novice CoFi of Gozag (D:8)
  An orc knight (Orc:1)
  A cyclops (D:8)
  A troll (D:9)
  A hornet (D:8)
  A wyvern (D:9)
  A shadow (D:8)
  A vampire mosquito (D:8)
  14 yaks (D:9)
  A steam dragon (D:8)
  A warg (D:9)
  A water moccasin (D:8)
  Pargi (Sewer)
  3 orc warriors
  A black bear (D:7)
  An ice beast (D:7)
  6 ogres
  2 wolves (D:9)
  2 phantoms (D:5)
  2 centaurs
  A kobold brigand (D:8)
  3 bullfrogs
  3 scorpions
  A brain worm (Sewer)
  A gnoll sergeant (D:9)
  4 wights (D:9)
  6 killer bees (D:9)
  A howler monkey (D:8)
  A bombardier beetle (D:6)
  A jelly (D:5)
  4 hounds
  4 orc priests
  4 iguanas
  2 sleepcaps (D:7)
  7 orc wizards
  11 gnolls
  10 adders
  A white imp (D:6)
  A dart slug (D:1)
  37 orcs
  3 endoplasms
  4 giant cockroaches
  8 goblins
  A hobgoblin (D:2)
  8 jackals
  5 quokkas
  10 ball pythons
  A bat (D:2)
  5 frilled lizards
  5 kobolds
  7 rats
204 creatures vanquished.

Notes
Turn   | Place    | Note
-------+----------+-------------------------------------------
     0 | D:1      | kaesh the Minotaur Berserker began the quest for the Orb.
     0 | D:1      | Reached XP level 1. HP: 19/19 MP: 0/0
   166 | D:1      | Reached XP level 2. HP: 27/27 MP: 1/1
   169 | D:1      | Reached skill level 4 in Axes
   506 | D:1      | Found a faded altar of an unknown god.
   544 | D:2      | Reached XP level 3. HP: 34/34 MP: 2/2
   586 | D:2      | Reached ** piety under Trog
   730 | D:2      | Reached XP level 4. HP: 40/41 MP: 3/3
   953 | D:2      | Identified the +0 robe of the Crypt {Harm +Blink Str+3
                  | Int+4}
   959 | D:2      | Reached skill level 5 in Axes
  1071 | D:2      | Reached skill level 5 in Fighting
  1503 | D:3      | Found Matziuh's Assorted Antiques.
  1584 | D:3      | Reached XP level 5. HP: 48/48 MP: 4/4
  1722 | D:3      | Reached *** piety under Trog
  2364 | D:4      | Found a glowing drain.
  2380 | Sewer    | Entered a sewer
  2410 | Sewer    | Noticed Pargi
  2417 | Sewer    | Killed Pargi
  2418 | Sewer    | Reached skill level 6 in Axes
  2418 | Sewer    | Reached XP level 6. HP: 50/56 MP: 5/5
  2724 | D:4      | Reached skill level 7 in Axes
  3013 | D:4      | Reached skill level 10 in Fighting
  3013 | D:4      | Reached skill level 10 in Axes
  3013 | D:4      | Reached XP level 7. HP: 73/73 MP: 6/6
  3014 | D:4      | Reached skill level 12 in Axes
  3014 | D:4      | Reached skill level 10 in Armour
  3014 | D:4      | Reached skill level 5 in Dodging
  3014 | D:4      | Reached XP level 8. HP: 83/83 MP: 7/7
  3029 | D:5      | Entered Level 5 of the Dungeon
  3097 | D:5      | Reached XP level 9. HP: 90/90 MP: 8/8
  3164 | D:5      | Reached **** piety under Trog
  3936 | D:6      | Found a snail-covered altar of Cheibriados.
  4826 | D:7      | Found a staircase to the Ecumenical Temple.
  5783 | D:8      | Noticed a cyclops
  5783 | D:8      | Noticed t4s4d4r's ghost (novice CoFi)
  5784 | D:8      | Found a transporter.
  5809 | D:8      | Found a transporter.
  6224 | D:8      | Reached skill level 13 in Axes
  6225 | D:8      | Reached XP level 10. HP: 97/97 MP: 9/9
  6228 | D:8      | Killed a cyclops
  6229 | D:8      | Killed t4s4d4r's ghost
  6442 | D:9      | Reached ***** piety under Trog
  6641 | D:9      | Found a staircase to the Orcish Mines.
  6754 | D:9      | Found a transporter.
  6758 | D:9      | Found a corrupted altar of Lugonu.
  6762 | D:9      | Noticed a green ugly thing
  6764 | D:9      | Noticed a two-headed ogre
  6769 | D:9      | Killed a two-headed ogre
  6777 | D:9      | Reached skill level 14 in Axes
  6784 | D:9      | Reached XP level 11. HP: 92/105 MP: 10/10
  6920 | D:9      | Received a gift from Trog
  7085 | D:9      | Found a transporter.
  7086 | D:9      | Noticed a white ugly thing
  7086 | D:9      | Noticed a green ugly thing
  7087 | D:9      | Noticed a purple ugly thing
  7515 | Orc:1    | Entered Level 1 of the Orcish Mines
  7530 | Orc:1    | Noticed an orc knight
  7542 | Orc:1    | Killed an orc knight
  7545 | Orc:1    | HP: 1/157 [troll[an orc knight] (9)]
  7546 | Orc:1    | Mangled by a troll

Illustrated notes

Levels and vault maps discovered:
D:1:      beargit_arrival_greenhouse, layout_rooms,
          dilly_ecumenical_altar_fadedgnrine, grunt_decor_fettered,
          minmay_misc_feat_four_crosses
D:2:      layout_loops_cross, serial_forest, infiniplex_forest_clump_tiny,
          infiniplex_forest_clump_tiny, infiniplex_forest_lined_room_2,
          infiniplex_forest_lined_3, infiniplex_forest_corner_2,
          infiniplex_forest_join, infiniplex_forest_end_1
D:3:      layout_loops_ring, serial_shops, shop
D:4:      layout_loops_ring, gup_sewer_entry_pipe
D:5:      layout_cave_pods
D:6:      layout_basic, slow_altar_1
D:7:      layout_loops_ring, minmay_temple_entry_tees
D:8:      layout_basic, gammafunk_ghost_arena
D:9:      gammafunk_corrupted_shrine, layout_irregular_city,
          minmay_orc_entry_guard_dogs
Orc:1:    layout_caves, biasface_ghost_orc_armoury

Skill      XL: |  1  2  3  4  5  6  7  8  9 10 11 |
---------------+----------------------------------+-----
Fighting       | 4 5 10 11 12 | 12.6
Axes           | 4 5 6 10 12 13 14 | 14.6
Armour         | 3 9 10 11 12 13 | 13.0
Dodging        | 5 |  5.7

Action                     |  1- 3 |  4- 6 |  7- 9 | 10-12 || total
---------------------------+-------+-------+-------+-------++-------
  Melee: Hand axe          |    55 |    56 |       |       ||   111
         Headbutt          |     3 |    15 |    27 |    19 ||    64
         War axe           |       |    71 |   139 |   112 ||   322
 Invoke: Berserk           |       |       |     1 |     2 ||     3
    Use: Scroll            |     5 |     6 |     8 |       ||    19
         Potion            |     2 |     1 |     1 |       ||     4
 Armour: Plate armour      |    49 |   122 |    98 |   150 ||   419
         Animal skin       |     3 |       |       |       ||     3
  Dodge: Dodged            |    15 |    44 |    41 |    68 ||   168

Table legend: (Time is in decaauts)
 A = Elapsed time spent in this place.
 B = Non-inter-level travel time spent in this place.
 C = Inter-level travel time spent in this place.
 D = Time resting spent in this place.
 E = Time spent auto-exploring this place.
 F = Levels seen in this place.
 G = Mean time per level.
                   A        B        C        D        E       F      G
               +--------+--------+--------+--------+--------+-----+--------+
         Total |   7622 |   7446 |    176 |    786 |   5296 |  11 |  692.9 |
       Dungeon |   7408 |   7232 |    176 |    786 |   5201 |   9 |  823.1 |
  Orcish Mines |     28 |     28 |      0 |      0 |      2 |   1 |   28.0 |
         Sewer |    186 |    186 |      0 |      0 |     92 |   1 |  186.0 |
               +--------+--------+--------+--------+--------+-----+--------+

Top non-repeatable levels by time:
     D:9: 1246 daAuts
     D:6: 880 daAuts
     D:8: 875 daAuts
     D:3: 868 daAuts
     D:2: 806 daAuts
     D:5: 804 daAuts
     D:7: 701 daAuts
     D:4: 686 daAuts
     D:1: 538 daAuts
   Sewer: 186 daAuts
   Orc:1: 28 daAuts
